 Dungeon Crawl Stone Soup version 0.22.1-1-ga44c0e56f4 (webtiles) character file.

1816 DenSaoPin the Covered (level 9, -4/70 HPs)
             Began as a Hill Orc Monk on Nov 10, 2018.
             Slain by Harold
             ... wielding a +0 scimitar
              (18 damage)
             ... on level 7 of the Dungeon.
             The game lasted 00:16:25 (7661 turns).

DenSaoPin the Covered (Hill Orc Monk)               Turns: 7661, Time: 00:16:25

Health: -4/70      AC: 18    Str: 17    XL:     9   Next: 10%
Magic:  9/9        EV:  7    Int: 10    God:
Gold:   268        SH:  0    Dex: 13    Spells: 8/8 levels left

rFire    . . .     SeeInvis .   x - +2 flail (crush)
rCold    . . .     Gourm    .   (no shield)
rNeg     . . .     Faith    +   B - +0 plate armour of Idealism {+Inv} (curse)
rPois    .         Spirit   .   w - +0 helmet
rElec    .         Reflect  .   (no cloak)
rCorr    .         Harm     .   (no gloves)
MR       .....                  (no boots)
Stlth    ..........             r - amulet of faith
HPRegen  0.21/turn              h - +4 ring of protection
MPRegen  0.11/turn              (no ring)

@: marked
A: no striking features
a: Evoke Invisibility


You were on level 7 of the Dungeon.
You were not hungry.

You visited 2 branches of the dungeon, and saw 8 of its levels.
You also visited: Sewer.

You collected 268 gold pieces.

Inventory:

Hand Weapons
 a - a +0 hand axe
 i - a +0 hand crossbow
 k - a +0 war axe
 s - a +0 war axe
 x - a +2 flail of crushing (weapon)
Armour
 b - a +0 robe
 m - +0 ice dragon scales
 w - a +0 helmet (worn)
 B - the cursed +0 plate armour of Idealism (worn) {+Inv}
   (You found it on level 5 of the Dungeon)

   It lets you turn invisible.
   It has a curse placed upon it.
Jewellery
 h - a +4 ring of protection (left hand)
 r - an amulet of faith (around neck)
Wands
 y - a wand of flame (20)
Scrolls
 d - 2 scrolls of enchant weapon {unknown}
 e - 4 scrolls of identify {unknown}
 g - 2 scrolls of fog {unknown}
 l - 4 scrolls of fear {unknown}
 n - 3 scrolls of teleportation {unknown}
 o - 3 scrolls of amnesia {unknown}
 p - a scroll of random uselessness {unknown}
 t - a scroll of enchant armour {unknown}
 A - a scroll of immolation {unknown}
 C - a scroll of remove curse {unknown}
Potions
 f - 3 potions of agility {unknown}
 j - 2 potions of cancellation {unknown}
 q - a potion of magic {unknown}
 u - 4 potions of lignification {unknown}
 v - 3 potions of flight {unknown}
 z - a potion of mutation {unknown}
Comestibles
 c - 5 rations


   Skills:
 - Level 3.6 Fighting
 - Level 6.1(8.0) Axes
 + Level 6.7(7.5) Maces & Flails
 - Level 7.3 Armour
 - Level 5.3 Dodging
 - Level 1.5 Stealth


You had 8 spell levels left.
You didn't know any spells.
Your spell library was empty.

Dungeon Overview and Level Annotations

Branches:
Dungeon (7/15)             Temple (1/1) D:6

Altars:
Cheibriados
Dithmenos
Fedhas
Gozag
Hepliaklqana
Kikubaaqudgha
Makhleb
Okawaru
Qazlal
Trog
Uskayaw
Vehumet
Wu Jian
Xom
Yredelemnul
Zin
The Shining One

Shops:
D:6 %

Annotations:
D:7 Harold


Message History

A sentinel's mark forms upon you. The hound bites you but does no damage.
You shred the net and break free! The orc hits you but does no damage.
The hound bites you but does no damage. Harold hits you but does no damage.
You hit Harold.
Harold is lightly wounded.
The hound bites you but does no damage. The orc hits you but does no damage.
The hound barely misses you.
Your plate armour of Idealism prevents you from hitting Harold.
Harold is lightly wounded.
Harold hits you with a scimitar!
* * * LOW HITPOINT WARNING * * *
The hound bites you.
* * * LOW HITPOINT WARNING * * *
The orc hits you with a flail.
* * * LOW HITPOINT WARNING * * *
The hound bites you.
* * * LOW HITPOINT WARNING * * *
Harold hits you with a scimitar!!
You die...

### ..#
#### ..##
.....#..#
#..)@###
#..@h.#
#.#o#.#
.. ... ..
## .#.#.
##
#...... #
#.# ##
... ..#


You could see Harold, a hound and an orc.

Vanquished Creatures
  Edmund (D:5)
  2 orc warriors
  An ice beast (D:6)
  An ogre (D:5)
  A sky beast (D:5)
  2 centaurs
  5 big kobolds (Sewer)
  2 bullfrogs (D:6)
  A scorpion (D:5)
  A crimson imp (D:5)
  2 bullfrog zombies (D:6)
  2 hounds
  An iguana (D:4)
  3 worker ants
  2 hound skeletons
  5 river rats (Sewer)
  7 adders
  5 oozes (Sewer)
  5 worms
  4 leopard geckos
  17 orcs
  3 giant cockroaches
  5 goblins
  7 hobgoblins
  15 jackals
  2 quokkas
  3 ball pythons
  3 bats
  5 frilled lizards
  9 kobolds
  2 quokka skeletons
  8 rats
132 creatures vanquished.

Vanquished Creatures (others)
  An orc wizard (D:6)
1 creature vanquished.

Grand Total: 133 creatures vanquished

Notes
Turn   | Place    | Note
-------+----------+-------------------------------------------
     0 | D:1      | DenSaoPin the Hill Orc Monk began the quest for the Orb.
     0 | D:1      | Reached XP level 1. HP: 19/19 MP: 1/1
   206 | D:1      | You fall through a shaft!
   214 | D:2      | Reached skill level 5 in Axes
   214 | D:2      | Reached XP level 2. HP: 24/26 MP: 2/2
   552 | D:2      | Reached XP level 3. HP: 31/31 MP: 3/3
  1557 | D:2      | Reached skill level 1 in Armour
  1577 | D:2      | Found a glowing golden altar of the Shining One.
  1584 | D:2      | Reached XP level 4. HP: 30/39 MP: 4/4
  1872 | D:3      | HP: 1/39 [poisoned by a kobold]
  2545 | D:3      | Reached skill level 2 in Armour
  3168 | D:4      | Reached skill level 3 in Armour
  3168 | D:4      | Reached XP level 5. HP: 45/45 MP: 5/5
  3192 | D:4      | Found a glowing drain.
  3201 | Sewer    | Entered a sewer
  3472 | Sewer    | Noticed a big kobold
  3480 | Sewer    | Reached skill level 4 in Armour
  3487 | Sewer    | Killed a big kobold
  3487 | Sewer    | Reached XP level 6. HP: 11/51 MP: 6/6
  3726 | Sewer    | Reached skill level 5 in Armour
  3851 | Sewer    | Reached skill level 6 in Armour
  3992 | Sewer    | Reached XP level 7. HP: 33/57 MP: 7/7
  4231 | Sewer    | Reached skill level 7 in Armour
  5488 | D:5      | Entered Level 5 of the Dungeon
  5866 | D:5      | Reached XP level 8. HP: 47/64 MP: 8/8
  6128 | D:5      | Found an opulent altar of Gozag.
  6201 | D:5      | Noticed Edmund
  6215 | D:5      | Killed Edmund
  6215 | D:5      | Reached skill level 5 in Dodging
  6536 | D:5      | Reached skill level 1 in Maces & Flails
  6628 | D:5      | Found a basalt altar of Yredelemnul.
  6773 | D:5      | Got an ichor-stained plate armour
  6784 | D:5      | Identified the cursed +0 plate armour of Idealism {+Inv}
                  | (You found it on level 5 of the Dungeon)
  7139 | D:6      | Reached skill level 5 in Maces & Flails
  7143 | D:6      | Found Qutzi's Food Boutique.
  7177 | D:5      | Reached XP level 9. HP: 22/70 MP: 9/9
  7443 | D:6      | Found a staircase to the Ecumenical Temple.
  7452 | Temple   | Entered the Ecumenical Temple
  7654 | D:7      | Noticed Harold
  7661 | D:7      | Slain by Harold

Skill      XL: |  1  2  3  4  5  6  7  8 |
---------------+-------------------------+-----
Axes           | 5 6 |  6.1
Armour         | 1 3 4 6 7 |  7.3
Dodging        | 4 5 |  5.3
Maces & Flails | 6 |  6.7
Fighting       | |  3.6
Stealth        | |  1.5

Action                   |  1- 3 |  4- 6 |  7- 9 || total
-------------------------+-------+-------+-------++-------
Melee: Hand axe          |    55 |       |       ||    55
       War axe           |    34 |   196 |   175 ||   405
       Flail             |       |       |   104 ||   104
  Use: Potion            |       |     1 |       ||     1
 Stab: Sleeping          |     1 |       |       ||     1
  Eat: Chunk             |     2 |     4 |    10 ||    16
       Ration            |       |     1 |     1 ||     2
Armor: Robe              |    10 |       |       ||    10
       Ice dragon scales |    10 |   107 |   105 ||   222
       Plate armour      |       |       |   157 ||   157
Dodge: Dodged            |    52 |   104 |   161 ||   317
